 Dungeon Crawl Stone Soup version 0.15-a0-33-ga435e27 (webtiles) character file.

1175 Persuasio the Shield-Bearer (level 8, -7/57 (60) HPs)
             Began as a Human Fighter on Mar 31, 2014.
             Mangled by an orc warrior
             ... wielding a +0,+0 battleaxe
              (21 damage)
             ... on Level 6 of the Dungeon on Apr 1, 2014.
             The game lasted 00:30:53 (5243 turns).

Persuasio the Shield-Bearer (Human Fighter)         Turns: 5243, Time: 00:30:53

HP  -7/57 (60)   AC 10     Str 24      XL: 8   Next: 23%
MP   8/8         EV  5     Int 12      God:
Gold 310         SH 33     Dex 15      Spells:  0 memorised,  7 levels left

rFire  . . .     SeeInvis +     a - +2,+1 long sword
rCold  + . .     Clarity  .     r - +0 scale mail {rC+}
rNeg   . . .     Conserve .     i - +1 large shield of Salvation {Str+5 Int+4}
rPois  .         rCorr    .     m - +1 helmet {SInv}
rElec  .         rRot     .     (no cloak)
SustAb . .       Spirit   .     (no gloves)
rMut   .         Warding  .     E - +0 pair of boots
Saprov . . .     Stasis   .     (no amulet)
MR     .....                    (no ring)
                                (no ring)

@: very slightly contaminated, not resistant to hostile enchantments, extremely
unstealthy
A: camouflage 1, agile 1, screaming 1
a: no special abilities


You were on level 6 of the Dungeon.
You were hungry.

You visited 1 branch of the dungeon, and saw 6 of its levels.

You collected 310 gold pieces.

Inventory:

Hand weapons
 a - a +2,+1 long sword (weapon)
 u - a +2,+1 sling
 C - a +0,+0 sling
 D - a +0,+2 sling of flame
Missiles
 f - 55 stones
 l - 11 darts
 n - 2 tomahawks (quivered)
Armour
 c - a +0 shield
 h - a +0 chain mail
 i - the +1 large shield of Salvation (worn) {Str+5 Int+4}
   (You found it on level 4 of the Dungeon)

   It affects your strength (+5).
   It affects your intelligence (+4).
 m - a +1 helmet of see invisible (worn)
 r - a +0 scale mail of cold resistance (worn)
 E - a +0 pair of boots (worn)
Magical devices
 s - a wand of digging (22)
Comestibles
 b - a chunk of orc flesh
 d - 8 bread rations
 j - 11 strawberries
 w - an orange
 x - a lemon
 z - 2 meat rations
 A - a choko
 B - a pear
Scrolls
 g - 2 scrolls of noise
 k - 2 scrolls of fog
 H - a scroll of remove curse
Jewellery
 y - an uncursed ring of see invisible {unknown}
Potions
 e - 2 potions of mutation
 p - a potion of agility
 q - a potion of magic
 F - a potion of resistance


   Skills:
 + Level 4.1 Fighting
 * Level 3.8 Long Blades
 * Level 0.6 Slings
 * Level 1.2 Throwing
 * Level 5.0 Armour
 + Level 3.4 Dodging
 + Level 0.2 Stealth
 + Level 5.7 Shields


You had 7 spell levels left.
You didn't know any spells.

Dungeon Overview and Level Annotations

Branches:
Dungeon (6/15)
 Temple: D:4-7

Altars:
Nemelex Xobeh


Innate Abilities, Weirdness & Mutations

Your skin changes colour to match your surroundings (Stlth).
You are agile. (Dex +2)
You occasionally shout uncontrollably.


Message History

The orc warrior is heavily wounded.
The orc warrior hits you with a battleaxe!
* * * LOW HITPOINT WARNING * * *
Drink which item? (? for menu, Esc to quit)
You feel much better.
The orc warrior hits you with a battleaxe!
* * * LOW HITPOINT WARNING * * *
You open the door.
A giant gecko skeleton comes into view.
You block the orc warrior's attack.
A giant eyeball comes into view.
The giant eyeball turns its gaze towards you.
Found 7 poisoned needles.
There is an open door here.
You block the giant gecko skeleton's attack.
You hit the giant eyeball.
The giant eyeball is lightly wounded.
The giant gecko skeleton bites you but does no damage.
The orc warrior hits you with a battleaxe!
You die...

######## #......#
########### #......###
#.....>....
#....z.o.####..........
#.....@#...##.......)).
#.....G###..%.......<..
#.....(# ####..........
###+#### ###########
### ##o. ##.o# #..##
#.##


You could see an orc warrior, a giant eyeball and a giant gecko skeleton.

Vanquished Creatures
  A necrophage (D:5)
  Sigmund (D:3)
  Blork the orc (D:4)
  3 hounds
  A gnoll shaman (D:4)
  A giant frog skeleton (D:4)
  An iguana (D:4)
  2 orc wizards
  2 worker ants
  Ijyb (D:2)
  Terence (D:1)
  8 gnolls (D:4)
  An inept feature mimic (D:4)
  6 adders
  A worm (D:3)
  A giant mite (D:4)
  5 giant geckos
  21 orcs
  5 giant cockroaches
  18 hobgoblins
  13 jackals
  19 kobolds
  3 ball pythons
  7 bats
  7 giant newts
  24 goblins
  A quokka (D:4)
  8 rats
163 creatures vanquished.

Notes
Turn   | Place    | Note
--------------------------------------------------------------
     0 | D:1      | Persuasio, the Human Fighter, began the quest for the Orb.
     0 | D:1      | Reached XP level 1. HP: 18/18 MP: 1/1
    91 | D:1      | Upgraded the game from 0.15-a0-23-gfd8676b to 0.15-a0-33-ga435e27
   112 | D:1      | Reached XP level 2. HP: 14/24 MP: 2/2
   245 | D:1      | Reached XP level 3. HP: 13/29 MP: 3/3
   825 | D:1      | Reached skill level 1 in Dodging
   903 | D:2      | Noticed Ijyb
   903 | D:2      | Noticed Terence
   932 | D:1      | Killed Terence
   932 | D:1      | Reached XP level 4. HP: 4/35 MP: 4/4
  1188 | D:2      | Killed Ijyb
  1733 | D:2      | Reached XP level 5. HP: 19/41 MP: 5/5
  2046 | D:2      | Reached skill level 4 in Shields
  2331 | D:3      | Found a sparkling altar of Nemelex Xobeh.
  2406 | D:3      | Noticed Sigmund
  2676 | D:3      | Killed Sigmund
  2676 | D:3      | Reached XP level 6. HP: 33/47 MP: 6/6
  3221 | D:4      | Reached XP level 7. HP: 18/52 MP: 7/7
  3541 | D:4      | Got a fine large shield
  3609 | D:4      | Reached skill level 5 in Shields
  3779 | D:4      | Noticed Blork the orc
  3799 | D:4      | Killed Blork the orc
  4845 | D:4      | Identified the +1 large shield of Salvation {Str+5 Int+4} (You found it on level 4 of the Dungeon)
  4979 | D:5      | Entered Level 5 of the Dungeon
  4996 | D:5      | Reached skill level 1 in Throwing
  4996 | D:5      | Reached XP level 8. HP: 47/59 MP: 8/8
  5008 | D:5      | Gained mutation: Your skin changes colour to match your surroundings (Stlth). [potion of mutation]
  5008 | D:5      | Gained mutation: You occasionally shout uncontrollably. [potion of mutation]
  5008 | D:5      | Gained mutation: You are agile. (Dex +2) [potion of mutation]
  5203 | D:6      | Reached skill level 5 in Armour
  5243 | D:6      | Mangled by an orc warrior

Action                   |  1- 3 |  4- 6 |  7- 9 || total
-------------------------+-------+-------+-------++-------
Melee: Long sword        |   156 |   294 |   275 ||   725
Throw: Tomahawk          |       |       |    10 ||    10
Evoke: Wand              |       |       |     1 ||     1
       Deck              |       |       |    13 ||    13
  Use: Potion            |     2 |     4 |     7 ||    13
       Scroll            |     1 |     8 |     5 ||    14
